 Dungeon Crawl Stone Soup version 0.29-a0-847-g24c0ca63c9 (webtiles) character file.

Game seed: 11899249025823765290

26528 RepoMan the Alchemist (level 12, -9/50 HPs)
             Began as a Felid Artificer on July 15, 2022.
             Was the Champion of Hepliaklqana.
             Killed from afar by an efreet (24 damage)
             ... with a bolt of fire
             ... on level 13 of the Dungeon on July 16, 2022.
             The game lasted 04:40:19 (30979 turns).

RepoMan the Alchemist (Felid Artificer)            Turns: 30979, Time: 04:40:21

Health: -9/50      AC:  3    Str:  8    XL:     12   Next: 99%
Magic:  21/23      EV: 22    Int: 17    God:    Hepliaklqana [******]
Gold:   357        SH:  0    Dex: 17    Spells: 4/25 levels left
                                        Lives:  0   Deaths: 4

rFire   . . .      SeeInvis +     - Unarmed
rCold   + . .      Faith    .   (shield unavailable)
rNeg    + . .      Spirit   .   (body armour unavailable)
rPois   .          Reflect  .   (helmet unavailable)
rElec   .          Harm     .   (cloak unavailable)
rCorr   .          Rampage  .   (gloves unavailable)
Will    ++++.      Clarity  +   (boots unavailable)
Stlth   +++++.....              x - amulet of the Four Winds {rN+ Will+++ Clar}
HPRegen 0.16/turn               d - ring of wizardry
MPRegen 0.18/turn               m - +4 ring of slaying

@: quick
A: reduced essence, very small, claws 1, fangs 3, see invisible, speed 1, shaggy
fur 3, stealthy paws, no weapons or thrown items, no armour, multi-lived
a: Renounce Religion, Recall Ancestor, Ancestor Identity, Transference, Idealise


You were on level 13 of the Dungeon.
You worshipped Hepliaklqana.
Hepliaklqana was exalted by your worship.
You visited 4 branches of the dungeon, and saw 22 of its levels.
You also visited: Bailey and Volcano.

You collected 1593 gold pieces.
You spent 1236 gold pieces at shops.

Inventory:

Jewellery
 d - a ring of wizardry (left paw)
 f - a ring of poison resistance
 i - a ring of ice
 m - a +4 ring of slaying (right paw)
 o - a ring of fire
 s - the ring of Cesygaj {Fly MP+9 Int+3}
   (You found it on level 6 of the Lair of Beasts)

   [ring of magical power]

   Int:       It affects your intelligence (+3).
   MP:        It affects your magic capacity (+9).
   Fly:       It grants you flight.
 x - the amulet of the Four Winds (around neck) {rN+ Will+++ Clar}
   (You bought it in a shop on level 11 of the Dungeon)

   [amulet of nothing]

   rN:        It protects you from negative energy.
   Clar:      It protects you against confusion.
   Will:      It greatly increases your willpower.
 z - a ring of resist corrosion
Wands
 g - a wand of digging (4)
 k - a wand of iceblast (3)
 y - a wand of acid (7)
Scrolls
 b - 2 scrolls of blinking
 c - 3 scrolls of identify
 h - 2 scrolls of immolation
 j - 4 scrolls of amnesia
 q - 2 scrolls of teleportation
 v - a scroll of magic mapping
Potions
 e - 3 potions of flight
 l - 2 potions of attraction
 n - 8 potions of mutation
 p - a potion of magic
 r - 3 potions of lignification
 t - a potion of curing
 w - a potion of haste
 B - a potion of cancellation
 C - 2 potions of resistance
 D - a potion of brilliance
Miscellaneous
 a - a box of beasts (inert)


   Skills:
 - Level 8.8 Fighting
 - Level 8.8 Dodging
 - Level 10.5 Stealth
 - Level 8.5 Unarmed Combat
 + Level 7.2 Spellcasting
 - Level 4.0 Hexes
 - Level 2.0 Necromancy
 - Level 8.3 Translocations
 * Level 16.8 Transmutations
 - Level 2.0 Ice Magic
 * Level 10.0 Air Magic
 - Level 2.0 Poison Magic
 - Level 6.0 Evocations


You had 4 spell levels left.
You knew the following spells:

 Your Spells              Type           Power      Damage    Failure   Level
b - Blink                 Tloc           68%        N/A       1%          2
f - Ice Form              Ice/Tmut       38%        N/A       1%          4
g - Apportation           Tloc           68%        N/A       1%          1
s - Sting                 Tmut/Pois      100%       1d8       1%          1
v - Poisonous Vapours     Pois/Air       52%        N/A       1%          2
y - Yara's Violent Unrav  Hex/Tmut       20%        3d9       1%          5
z - Necrotise             Necr           48%        1d6       1%          1
A - Alistair's Intoxicat  Tmut/Pois      25%        N/A       2%          5

Your spell library contained the following spells:

 Spells                   Type           Power      Damage    Failure   Level
 Gell's Gravitas          Tloc           34%        N/A       1%          3
 Lesser Beckoning         Tloc           34%        N/A       1%          3
 Teleport Other           Tloc           34%        N/A       1%          3
 Passage of Golubria      Tloc           34%        N/A       1%          4
 Tukima's Dance           Hex            19%        N/A       2%          3
 Sandblast                Erth           12%        2d6       4%          1
 Frozen Ramparts          Ice            24%        1d4       6%          3
 Inner Flame              Hex/Fire       12%        N/A       6%          3
 Scorch                   Fire           12%        2d6       7%          2
 Cause Fear               Hex            9%         N/A       9%          4
 Iskenderun's Mystic Bla  Conj/Tloc      20%        2d6       9%          4
 Fulminant Prism          Conj/Hex       6%         3d7       21%         4
 Leda's Liquefaction      Hex/Erth       6%         N/A       21%         4
 Olgreb's Toxic Radiance  Pois           12%        N/A       21%         4
 Summon Ice Beast         Ice/Summ       9%         N/A       28%         4
 Manifold Assault         Tloc           34%        N/A       4%          5
 Storm Form               Tmut/Air       25%        N/A       16%         7
 Dispersal                Tloc           17%        N/A       22%         6
 Summon Mana Viper        Hex/Summ       12%        N/A       45%         5
 Lee's Rapid Deconstruct  Erth           3%         3d6*      75%         5
 Monstrous Menagerie      Summ           3%         N/A       100%        7
 Discord                  Hex            9%         N/A       100%        8


Dungeon Overview and Level Annotations

Branches:
Dungeon (13/15)            Temple (1/1) D:7            Lair (6/6) D:8
 Shoals (0/4) Lair:4       Spider (0/4) Lair:3        Slime (0/5) Lair:5
    Orc (2/2) D:10         Bailey (visited)         Volcano (visited)
    Elf: Orc:2       Vaults: D:13-14

Altars:
Ashenzari
Cheibriados
Elyvilon
Fedhas
Gozag
Hepliaklqana
Kikubaaqudgha
Makhleb
Nemelex Xobeh
Okawaru
Qazlal
Sif Muna
Trog
Uskayaw
Vehumet
Wu Jian
Xom
Yredelemnul
Zin
The Shining One
Jiyva

Shops:
D:10 !   D:11 =

Annotations:
D:3 1 runed translucent door, Grinder; astraldaughter's ghost, amateur MfAK
D:4 3 runed translucent doors, Locuples's ghost, amateur DsBr
D:10 exclusions: downstairs and oklob sapling
D:11 exclusion: downstairs
Lair:3 exclusion: hydra
Lair:5 exclusions: bullfrog, downstairs, hydra and water moccasin
Orc:1 exclusion: 3 downstairs


Innate Abilities, Weirdness & Mutations

Your life essence is reduced to manifest your ancestor. (-10% HP)
You have sharp claws.
You have razor-sharp teeth.
You have supernaturally acute eyesight. (SInv)
You cover ground quickly. (Speed+)
Your thick and shaggy fur keeps you warm. (AC +3, rC+)
Your paws help you pounce on unaware monsters.
You are incapable of wielding weapons or throwing items.
You cannot wear armour.
You gain extra lives every three experience levels.


Message History

You warm up again.
The efreet gestures at you. The bolt of fire hits you!!
Ouch! That really hurt!
You die...
You are now level 12!
You rejoin the land of the living...
Zola emerges from the mists of memory!
You swap places.
Zola is recalled.
You swap places.
A centaur warrior comes into view.
The centaur warrior moves out of view.
The centaur warrior shouts!
The centaur warrior wields a +0 longbow.
The centaur warrior shoots an arrow.
The arrow misses you.
Casting: Poisonous Vapours (safe; 1% risk of failure)
Confirm with . or Enter, or press ? or * to list all spells.
Aiming: Poisonous Vapours (safe; 1% risk of failure)
Press: ? - help, Dir - move target, f - centaur warrior
Aim: a centaur warrior, wielding a +0 longbow Poisonous vapours surround the centaur warrior!
The centaur warrior is poisoned.
The centaur warrior shoots an arrow.
The arrow hits you!!
Ouch! That really hurt!
* * * LOW HITPOINT WARNING * * *
The centaur warrior shoots an arrow.
The arrow closely misses you.
You swap places.
Unknown command.
Okay, then.
Okay, then.
Okay, then.
Really walk into that teleport trap?
You enter a teleport trap!
The teleport trap disappears.
Your surroundings suddenly seem different.
A purple ugly thing comes into view.
Found a potion of curing.
The efreet gestures at you. The bolt of fire hits you!!
You die...

#.......#..#..
..#°..<..R#..#..
###
###..#°...#.....#..
#.....u..R....#
.#### . #...
.........# #
#.............#
#....#...#
#........#
#.....@..#
#........#
#........#
#..##..### #. ....
# #.... #....
#..!..


You could see a purple ugly thing (asleep) and an efreet.

Vanquished Creatures
  2 dire elephants (Lair:4)
  Josephine (D:10)
  4 hydras
  A boulder beetle (Orc:1)
  A merfolk avatar (Lair:6)
  2 two-headed ogres
  5 death yaks (Lair:2)
  Urug (Lair:2)
  Amaemon (D:9)
  A skeletal warrior (D:10)
  2 sea snakes (Lair:6)
  4 harpies (Lair:6)
  5 lindwurms
  4 manticores
  Maurice (D:9)
  2 cyclopes
  6 black mambas
  11 elephants
  A gargoyle (D:11)
  6 cane toads
  A torpor snail (Lair:2)
  A rime drake (Lair:3)
  Psyche (D:11)
  A kobold demonologist (D:11)
  8 komodo dragons
  A polar bear (Lair:2)
  A wind drake (Lair:6)
  A hornet (D:9)
  2 slime creatures (D:12)
  Prince Ribbit (D:6)
  16 blink frogs
  A jumping spider (shapeshifter) (D:13)
  4 dream sheep (Lair:6)
  4 wraiths
  4 wyverns
  2 steam dragons
  3 basilisks
  2 fire elementals (Volcano)
  34 yaks
  A redback (Lair:3)
  13 water moccasins
  An acid dragon (D:13)
  12 orc warriors
  3 ice beasts
  A black bear (Lair:4)
  11 wolves
  3 ogres
  3 centaurs (Orc:2)
  2 phantoms (D:6)
  10 bullfrogs
  2 necrophages
  A gnoll sergeant (D:9)
  4 wights
  14 killer bees
  6 howler monkeys
  5 hexers
  6 jellies
  3 hounds
  8 orc priests
  A gnoll bouda (D:8)
  2 iguanas (D:5)
  11 orc wizards
  11 gnolls
  5 adders
  A shadow imp (D:7)
  3 white imps (D:12)
  38 orcs
  5 ball pythons
  7 bats
  4 endoplasms
  A giant cockroach (D:4)
  10 goblins
  7 hobgoblins
  4 jackals
  5 quokkas
  5 kobolds
  2 rats (D:1)
380 creatures vanquished.

Vanquished Creatures (collateral kills)
  An ettin (Orc:1)
  A catoblepas (Lair:5)
  2 hydras (Lair:6)
  3 two-headed ogres
  2 skeletal warriors (D:11)
  A cyclops (D:11)
  A manticore (D:8)
  8 elephants
  10 cane toads
  An orange demon (D:9)
  A torpor snail (Lair:6)
  An unseen horror (D:12)
  6 komodo dragons
  A rime drake (Lair:6)
  2 polar bears
  5 blink frogs
  A hornet (Lair:6)
  2 dream sheep (Lair:6)
  4 slime creatures (D:12)
  19 yaks
  2 wraiths
  A wyvern (Lair:6)
  A fire elemental (Volcano)
  A warg (Orc:1)
  An acid dragon (D:10)
  7 water moccasins
  3 orc warriors
  A black bear (D:6)
  An ogre (Orc:1)
  7 wolves
  A centaur (Lair:4)
  A kobold brigand (D:11)
  6 bullfrogs
  3 wights (D:7)
  4 killer bees
  A hound (D:4)
  2 orc priests (Orc:1)
  4 orc wizards
  2 adders (D:10)
  An ufetubus (D:12)
  13 orcs
  2 endoplasms
  3 goblins
  4 hobgoblins
  A jackal (D:10)
  A kobold (D:4)
  4 ball pythons (D:10)
  A rat (D:1)
151 creatures vanquished.

Vanquished Creatures (others)
  A wight (D:7)
  A hound (D:4)
  4 ancestors
  38 hexers
  An orc (D:3)
  A jackal (D:1)
  A quokka (D:1)
  A bush (D:10)
  62 fungi
  137 plants
247 creatures vanquished.

Grand Total: 778 creatures vanquished

Notes
Turn   | Place    | Note
-------+----------+-------------------------------------------
     0 | D:1      | RepoMan the Felid Artificer began the quest for the Orb.
     0 | D:1      | Reached XP level 1. HP: 9/9 MP: 2/2
   645 | D:1      | Reached XP level 2. HP: 12/12 MP: 3/3
   779 | D:1      | Reached skill level 1 in Unarmed Combat
   788 | D:1      | Found a faded altar of an unknown god.
   797 | D:1      | Got Plato's Opusculum on Iniquitous Liturgies
  1922 | D:3      | Reached XP level 3. HP: 15/15 MP: 4/4
  1945 | D:3      | Noticed Grinder
  2377 | D:3      | Found a runed translucent door.
  2382 | D:3      | Noticed astraldaughter's ghost (amateur MfAK)
  2891 | D:4      | Found an opulent altar of Gozag.
  2974 | D:4      | Reached XP level 4. HP: 16/19 MP: 5/5
  3020 | D:4      | Reached XP level 5. HP: 11/22 MP: 6/6
  3297 | D:4      | Noticed Locuples's ghost (amateur DsBr)
  3309 | D:4      | Found a runed translucent gate.
  3309 | D:4      | Found a runed translucent gate.
  3309 | D:4      | Found a runed translucent gate.
  3477 | D:4      | Identified the +11 falchion of the Hugging Badger {freeze,
                  | rN+ rCorr Stlth+}
  3521 | D:5      | Entered Level 5 of the Dungeon
  3568 | D:5      | Found a blossoming altar of Fedhas.
  3727 | D:5      | Noticed an ice beast
  3750 | D:5      | Reached skill level 5 in Stealth
  3754 | D:5      | Killed an ice beast
  3755 | D:5      | Reached skill level 5 in Evocations
  3755 | D:5      | Gained mutation: You are covered in thick fur. (AC +2)
                  | [Felid growth]
  3755 | D:5      | Reached XP level 6. HP: 25/25 MP: 7/7
  3883 | D:5      | Learned a level 2 spell: Blink
  3885 | D:5      | Learned a level 1 spell: Necrotise
  3996 | D:5      | Found a stormy altar of Qazlal.
  4077 | D:5      | Reached skill level 1 in Translocations
  4419 | D:6      | Reached skill level 1 in Spellcasting
  4419 | D:6      | Reached XP level 7. HP: 21/28 MP: 9/9
  4440 | D:6      | Reached skill level 1 in Necromancy
  4696 | D:6      | Noticed Prince Ribbit
  4700 | D:6      | Killed Prince Ribbit
  4844 | D:6      | Found a bloodstained altar of Trog.
  4850 | D:6      | Found a radiant altar of Vehumet.
  5197 | D:7      | Found a staircase to the Ecumenical Temple.
  5314 | Temple   | Entered the Ecumenical Temple
  5401 | Temple   | Became a worshipper of Hepliaklqana the Forgotten
  5434 | D:7      | Reached XP level 8. HP: 20/32 MP: 12/12
  6198 | D:7      | Reached skill level 5 in Unarmed Combat
  6207 | D:7      | Reached skill level 10 in Stealth
  6549 | D:7      | Found a glowing golden altar of the Shining One.
  6620 | D:8      | Noticed a manticore
  6644 | D:8      | Found a staircase to the Lair.
  6646 | D:8      | Noticed a komodo dragon
  6665 | D:8      | Reached * piety under Hepliaklqana
  6687 | D:8      | Reached skill level 5 in Translocations
  6688 | D:8      | Reached XP level 9. HP: 31/31 MP: 13/13
  6843 | D:8      | Learned a level 1 spell: Sting
  7058 | D:8      | Killed a komodo dragon
  7059 | D:8      | Reached skill level 1 in Transmutations
  7074 | D:8      | Reached skill level 2 in Transmutations
  7334 | D:9      | Learned a level 2 spell: Poisonous Vapours
  7515 | D:9      | Noticed Amaemon
  7530 | D:9      | Reached skill level 3 in Transmutations
  7535 | D:9      | Reached skill level 1 in Air Magic
  7547 | D:9      | Reached skill level 1 in Poison Magic
  7547 | D:9      | Killed Amaemon
  7548 | D:9      | Reached skill level 4 in Transmutations
  7589 | D:8      | Learned a level 4 spell: Ice Form
  7776 | D:8      | Reached XP level 10. HP: 30/37 MP: 6/14
  7967 | D:9      | Reached skill level 1 in Ice Magic
  8109 | D:9      | Noticed Maurice
  8188 | D:9      | Killed Maurice
  8189 | D:9      | Reached skill level 5 in Transmutations
  8625 | D:9      | Noticed an orange demon
  8636 | D:9      | Killed an orange demon
  8753 | D:9      | Reached skill level 6 in Transmutations
  9075 | D:10     | Entered Level 10 of the Dungeon
  9091 | D:10     | Found a staircase to the Orcish Mines.
  9209 | D:10     | Reached skill level 5 in Fighting
  9378 | D:10     | Found a flagged portal.
  9427 | Bailey   | Entered a bailey
  9802 | Bailey   | Reached ** piety under Hepliaklqana
  9803 | Bailey   | Remembered your ancestor Zola as a hexer
  9932 | D:10     | Reached skill level 7 in Transmutations
 10005 | D:10     | Noticed Josephine
 10009 | D:10     | Killed from afar by Josephine
 10010 | D:10     | Reached XP level 9. HP: -3/32 MP: 8/13
 10039 | D:10     | Found Ykiarghilug's Distillery.
 10053 | D:10     | Bought a potion of brilliance for 48 gold pieces
 10053 | D:10     | Bought a potion of degeneration for 12 gold pieces
 10053 | D:10     | Bought a potion of curing for 36 gold pieces
 10053 | D:10     | Bought a potion of might for 48 gold pieces
 10776 | Lair:1   | Entered Level 1 of the Lair of Beasts
 10776 | Lair:1   | Noticed a komodo dragon
 10788 | Lair:1   | Killed a komodo dragon
 10889 | Lair:1   | Noticed a komodo dragon
 10970 | Lair:1   | Killed a komodo dragon
 10971 | Lair:1   | Reached skill level 8 in Transmutations
 10971 | Lair:1   | Reached XP level 10. HP: 40/40 MP: 8/15
 11006 | Lair:1   | Noticed a black mamba
 11013 | Lair:1   | Killed a black mamba
 11130 | Lair:1   | Noticed a cane toad
 11147 | Lair:1   | Killed a cane toad
 11184 | Lair:1   | Noticed a four-headed hydra
 11240 | Lair:2   | Noticed a death yak
 11241 | Lair:2   | Noticed a death yak
 11241 | Lair:2   | Noticed a death yak
 11270 | Lair:2   | Killed a death yak
 11405 | Lair:2   | Upgraded the game from 0.29-a0-844-ge8845773e3 to
                  | 0.29-a0-847-g24c0ca63c9
 11444 | Lair:2   | Noticed a death yak
 11444 | Lair:2   | Noticed a death yak
 11692 | Lair:1   | Noticed a cane toad
 11704 | Lair:1   | Killed a cane toad
 11705 | Lair:1   | Reached skill level 9 in Transmutations
 11803 | Lair:1   | Noticed a black mamba
 11831 | Lair:1   | HP: 2/41 [poisoned by a black mamba]
 12123 | Lair:1   | Noticed a black mamba
 12141 | Lair:1   | Killed a black mamba
 12440 | Lair:2   | Reached *** piety under Hepliaklqana
 12626 | Lair:2   | Noticed a cane toad
 12636 | Lair:2   | Killed a cane toad
 12735 | Lair:2   | Reached XP level 11. HP: 32/44 MP: 12/18
 12738 | Lair:2   | Noticed Urug
 12858 | Lair:2   | Reached skill level 10 in Transmutations
 13102 | Lair:2   | Killed a death yak
 13103 | Lair:2   | Reached skill level 5 in Dodging
 13106 | Lair:2   | Killed a death yak
 13111 | Lair:2   | Killed a death yak
 13112 | Lair:2   | Reached skill level 11 in Transmutations
 13143 | Lair:2   | Killed a death yak
 13894 | Lair:2   | Killed Urug
 13935 | Lair:3   | Reached skill level 12 in Transmutations
 13949 | Lair:3   | Found a hole to the Spider Nest.
 14490 | Lair:3   | Noticed a five-headed hydra
 14618 | Lair:3   | Noticed an eight-headed hydra
 14657 | Lair:3   | Reached **** piety under Hepliaklqana
 14768 | Lair:3   | Gained mutation: Your thick and shaggy fur keeps you warm.
                  | (AC +3, rC+) [Felid growth]
 14768 | Lair:3   | Reached XP level 12. HP: 40/47 MP: 4/19
 15044 | Lair:3   | Identified the +1 leather armour "Ilimug" {+Inv rN++ Str+10
                  | Dex-5}
 15070 | Lair:3   | Killed a five-headed hydra
 15713 | Lair:4   | Reached skill level 13 in Transmutations
 16040 | Lair:4   | Reached skill level 5 in Spellcasting
 16352 | Lair:4   | Found a staircase to the Shoals.
 16508 | Lair:4   | Noticed a dire elephant
 16892 | Lair:4   | Killed a dire elephant
 16993 | Lair:4   | Noticed a dire elephant
 17027 | Lair:4   | Slain by a dire elephant
 17028 | Lair:4   | Reached XP level 11. HP: -2/54 MP: 13/20
 17268 | Lair:4   | Killed a dire elephant
 17543 | Lair:5   | Noticed a lindwurm
 17547 | Lair:5   | Killed a lindwurm
 17741 | Lair:5   | Noticed a catoblepas
 17773 | Lair:5   | Killed a catoblepas
 17774 | Lair:5   | Reached skill level 5 in Air Magic
 17774 | Lair:5   | Reached XP level 12. HP: 30/48 MP: 6/21
 17960 | Lair:5   | Noticed an eight-headed hydra
 18149 | Lair:5   | Reached skill level 14 in Transmutations
 18232 | Lair:5   | Reached ***** piety under Hepliaklqana
 18250 | Lair:5   | Found a staircase to the Slime Pits.
 18250 | Lair:5   | Found a viscous altar of Jiyva.
 20111 | Lair:6   | Entered Level 6 of the Lair of Beasts
 20534 | Lair:6   | Noticed a four-headed hydra
 20535 | Lair:6   | Noticed a five-headed hydra
 20612 | Lair:1   | Killed a four-headed hydra
 21539 | Orc:1    | Entered Level 1 of the Orcish Mines
 21542 | Orc:1    | Found a dark tunnel.
 21552 | Volcano  | Entered a volcano
 21567 | Volcano  | Reached XP level 13. HP: 48/53 MP: 23/23
 21738 | Orc:1    | Noticed an ettin
 21862 | Orc:1    | Killed an ettin
 22177 | Orc:1    | Reached skill level 15 in Transmutations
 23047 | Orc:2    | Entered Level 2 of the Orcish Mines
 23870 | Orc:1    | Learned a level 5 spell: Yara's Violent Unravelling
 24364 | D:10     | Learned a level 1 spell: Apportation
 24476 | D:10     | Killed Josephine
 24528 | D:11     | Found Epniag's Jewellery Boutique.
 24827 | D:10     | Reached skill level 1 in Hexes
 25264 | Lair:6   | Mangled by a harpy
 25265 | Lair:6   | Reached XP level 12. HP: -9/50 MP: 14/22
 25269 | Lair:6   | Noticed a four-headed hydra
 25297 | Lair:6   | Noticed a five-headed hydra
 25505 | Lair:5   | Learned a level 5 spell: Alistair's Intoxication
 26362 | Lair:6   | Noticed a merfolk avatar
 26388 | Lair:6   | Killed a merfolk avatar
 26509 | Lair:6   | Reached XP level 13. HP: 54/54 MP: 19/23
 26900 | Lair:6   | Reached skill level 16 in Transmutations
 28010 | Lair:6   | Identified the ring of Cesygaj {Fly MP+9 Int+3}
 28020 | Lair:6   | Got the Compilation of the Volcanoes and Metal
 29109 | D:11     | Noticed Psyche
 29117 | D:11     | Killed Psyche
 29190 | D:11     | Identified the +1 robe of Inaction {Drain rC+ rN+}
 29207 | D:11     | Identified a scroll of acquirement
 29209 | D:11     | Bought the amulet of the Four Winds {rN+ Will+++ Clar} for
                  | 1092 gold pieces
 29209 | D:11     | Found the amulet of the Four Winds {rN+ Will+++ Clar}
 30415 | D:12     | Reached skill level 10 in Air Magic
 30817 | D:13     | Reached ****** piety under Hepliaklqana
 30926 | D:13     | Acquired a ring of wizardry
 30936 | D:13     | Killed from afar by an efreet
 30937 | D:13     | Reached XP level 12. HP: -10/50 MP: 16/23
 30973 | D:13     | Noticed a centaur warrior
 30979 | D:13     | Killed from afar by an efreet

Illustrated notes

Levels and vault maps discovered:
D:1:      dpeg_arrival_simpleton_c, layout_basic,
          shapermc_ecumenical_altar_rom_forum, kennysheep_small_spiral,
          dk_noncrumbling_3, minmay_misc_feat_ornament, nicolae_eternal_life
D:2:      layout_basic
D:3:      wad_woods_settlement, layout_basic,
          gammafunk_temple_overflow_elements, ebering_ghost_reflecting_pool,
          uniq_grinder
D:4:      layout_rooms, amcnicky_altar_gilded, gammafunk_ghost_split
D:5:      layout_basic, nicolae_qazlal_scattered_showers, fedhas_ov_isle_minmay
D:6:      layout_basic, mainiacjoe_overflow_big_doors, uniq_prince_ribbit1
D:7:      layout_gridville, tso_oasis_becter,
          minmay_temple_entry_statues_pillars
D:8:      layout_rooms, david_lair_shrubbed
D:9:      layout_gridville, uniq_maurice, uniq_amaemon
D:10:     layout_loops_ring, orc_0_dummy, serial_shops, nicolae_square_shop,
          enter_bailey_3, introduction_to_nature_2, uniq_josephine
D:11:     layout_cross, serial_shops, nicolae_shop_statue_plus, uniq_psyche
D:12:     layout_roguey, serial_ice, serial_ice_k, serial_ice_e, serial_ice_b,
          serial_ice_g
D:13:     minmay_box_of_curves, layout_grid_maze, serial_bayou,
          serial_bayou_shore_a, serial_bayou_shore_b, serial_bayou_shore_b,
          serial_bayou_pond_c
Temple:   jpeg_temple_clearing
Lair:1:   layout_long_grid
Lair:2:   layout_regular_city, grunt_megastairs_2, infiniplex_staircase_pool_2,
          serial_bayou_shore_b, uniq_urug
Lair:3:   layout_regular_city, spider_nest_entry_rubble,
          grunt_forest_small_clearing_treed
Lair:4:   beast_lair_carwin_large_3, layout_misc_corridors,
          minmay_shoals_entry_centaurs
Lair:5:   layout_layer_cave, slime_entry_1, grunt_megastairs_5,
          serial_bayou_shore_b
Lair:6:   gammafunk_lair_ancient_temple, layout_layer_cave, minmay_lindwurm_lava
Orc:1:    layout_diamond_mine, nicolae_volcano_entry_lava_flow, rock_pile
Orc:2:    st_orc_rangers, layout_caves, mumra_transporter_accident,
          uniq_saint_roka

Skill      XL: |  1  2  3  4  5  6  7  8  9 10 11 12 13 |
---------------+----------------------------------------+-----
Stealth        | 2 3 4 5 6 8 10 | 10.5
Unarmed Combat | 1 2 3 4 5 7 8 |  8.5
Evocations     | 4 5 6 |  6.0
Translocations | 1 3 5 6 8 |  8.3
Spellcasting   | 1 2 4 6 7 |  7.2
Necromancy     | 2 |  2.0
Fighting       | 4 6 8 |  8.8
Transmutations | 8 9 12 14 16 | 16.8
Air Magic      | 2 5 8 10 | 10.0
Poison Magic   | 2 |  2.0
Ice Magic      | 2 |  2.0
Dodging        | 4 6 8 |  8.8
Hexes          | 3 4 |  4.0

Action                   |  1- 3 |  4- 6 |  7- 9 | 10-12 | 13-15 || total
-------------------------+-------+-------+-------+-------+-------++-------
Melee: Unarmed           |    75 |    26 |    91 |   341 |   192 ||   725
       Bite              |    11 |     5 |     7 |    11 |     2 ||    36
       Punch             |     1 |       |     4 |    10 |     1 ||    16
 Cast: Necrotise         |       |     3 |    11 |    65 |    11 ||    90
       Poisonous Vapours |       |       |    21 |   307 |   200 ||   528
       Sting             |       |       |    11 |   128 |    22 ||   161
       Blink             |       |       |       |     4 |     7 ||    11
       Ice Form          |       |       |       |    35 |    41 ||    76
       Yara's Violent Un |       |       |       |     2 |     3 ||     5
Invok: Recall Ancestor   |       |       |     5 |    21 |     7 ||    33
       Ancestor Life: He |       |       |       |     1 |       ||     1
 Abil: End Transformatio |       |       |       |     3 |    13 ||    16
Evoke: Wand              |    16 |    13 |    46 |    29 |    10 ||   114
       Box of beasts     |       |       |     1 |     3 |     3 ||     7
  Use: Scroll            |       |     8 |     1 |    18 |     9 ||    36
       Potion            |       |       |     4 |    13 |     8 ||    25
 Stab: Sleeping          |     8 |     7 |     4 |    20 |     3 ||    42
       Paralysed         |       |     4 |     8 |     7 |       ||    19
       Distracted        |       |       |     1 |    11 |     7 ||    19
       Confused          |       |       |     1 |    14 |     9 ||    24
Armor: Skin              |     2 |     2 |     2 |    46 |    34 ||    86
Dodge: Dodged            |    59 |    14 |    57 |   226 |   142 ||   498

Table legend: (Time is in decaauts)
 A = Elapsed time spent in this place.
 B = Non-inter-level travel time spent in this place.
 C = Inter-level travel time spent in this place.
 D = Time resting spent in this place.
 E = Time spent auto-exploring this place.
 F = Levels seen in this place.
 G = Mean time per level.
                   A        B        C        D        E       F      G
               +--------+--------+--------+--------+--------+-----+--------+
         Total |  27953 |  26575 |   1378 |  10402 |   5259 |  24 | 1164.7 |
       Dungeon |  12952 |  12307 |    645 |   4090 |   3164 |  13 |  996.3 |
        Temple |     85 |     77 |      8 |      0 |      0 |   1 |   85.0 |
          Lair |  12145 |  11681 |    464 |   4998 |   1853 |   6 | 2024.2 |
  Orcish Mines |   2247 |   1987 |    260 |    976 |    240 |   2 | 1123.5 |
        Bailey |    386 |    386 |      0 |    242 |      0 |   1 |  386.0 |
       Volcano |    136 |    136 |      0 |     96 |      0 |   1 |  136.0 |
               +--------+--------+--------+--------+--------+-----+--------+

Top non-repeatable levels by time:
  Lair:5: 2732 daAuts
  Lair:6: 2691 daAuts
    D:10: 2322 daAuts
   Orc:1: 2137 daAuts
  Lair:4: 1867 daAuts
  Lair:2: 1820 daAuts
  Lair:1: 1561 daAuts
  Lair:3: 1471 daAuts
     D:8: 1467 daAuts
     D:9: 1412 daAuts
    D:12: 1167 daAuts
     D:7: 1096 daAuts
     D:1: 1020 daAuts
     D:6: 891 daAuts
    D:11: 852 daAuts
